 Dungeon Crawl Stone Soup version 0.31.0-32-g396128a36d (webtiles) character file.

Game seed: 10341979122535571628

149187 DrFunkyFeet the Black Sun (level 16, -10/123 HPs)
             Began as a Vampire Necromancer on Mar 8, 2024.
             Was a High Priest of Kikubaaqudgha.
             Engulfed by Bai Suzhen (illusionary)'s thunder (33 damage)
             ... mirrored by the player character
             ... on level 3 of the Swamp on Mar 9, 2024.
             The game lasted 02:21:52 (43907 turns).

DrFunkyFeet the Black Sun (Vampire Necromancer)    Turns: 43907, Time: 02:21:52

Health: -10/123    AC: 14    Str: 10    XL:     16   Next: 95%
Magic:  1/31       EV: 21    Int: 19    God:    Kikubaaqudgha [*****.]
Gold:   1124       SH:  8    Dex: 25    Spells: 8/38 levels left

rFire   + + .        k - +5 dagger (speed)
rCold   + . .        x - +2 buckler
rNeg    + + +        W - +2 robe {rC+ rF+}
rPois   +            T - +2 hat
rElec   .            y - +2 cloak "Plog" {rPois rN+}
rCorr   .            g - +2 pair of gloves
SInv    +            K - +0 pair of boots
Will    +....        (no amulet)
Stlth   ++           h - +4 ring of slaying
HPRegen 0.60/turn    P - ring "Wagrecus" {rF+ rN++ Str+3 Dex+4}
MPRegen 0.22/turn

%: no passive effects
@: healing quickly, very slow
A: alive, fangs 3, see invisible, vampiric 2
a: Exsanguinate, Renounce Religion, Unearth Wretches, Torment


You were on level 3 of the Swamp.
You worshipped Kikubaaqudgha.
Kikubaaqudgha was extremely pleased with you.
You visited 5 branches of the dungeon, and saw 26 of its levels.
You also visited: Ice Cave.

You collected 2822 gold pieces.
You spent 1698 gold pieces at shops.

Inventory:

Hand Weapons
 k - a +5 dagger of speed (weapon)
 H - a +3 scimitar of freezing
Missiles
 w - 70 poisoned darts (quivered)
Armour
 g - a +2 pair of gloves (worn)
 x - a +2 buckler (worn)
 y - the +2 cloak "Plog" (worn) {rPois rN+}
   (You found it on level 4 of the Dungeon)

   rPois:     It protects you from poison rN+: It protects you from negative
   energy.
 C - a scarf of resistance
 E - a +0 cloak of willpower
 K - a +0 pair of boots (worn)
 N - the +1 robe "Veotziec" {rC++}
   (You took it off a skeletal warrior on level 12 of the Dungeon)

   rC++:      It greatly protects you from cold.
 T - a +2 hat (worn)
 W - a +2 robe of resistance (worn)
Magical Staves
 I - a staff of death
Jewellery
 c - a ring of flight
 h - a +4 ring of slaying (left hand)
 j - a ring of magical power
 P - the ring "Wagrecus" (right hand) {rF+ rN++ Str+3 Dex+4}
   (You found it on level 14 of the Dungeon)

   [ring of protection from fire]

   Str+3:     It affects your strength (+3).
   Dex+4:     It affects your dexterity (+4).
   rF+:       It protects you from fire.
   rN++:      It greatly protects you from negative energy.
 R - a ring of wizardry
Wands
 a - a wand of flame (8)
 o - a wand of paralysis (48)
 r - a wand of polymorph (17)
 A - a wand of digging (9)
 L - a wand of light (23)
 S - a wand of mindburst (20)
 Y - a wand of roots (11)
Scrolls
 i - 3 scrolls of immolation
 m - a scroll of torment
 p - 4 scrolls of poison
 q - 5 scrolls of amnesia
 t - 2 scrolls of vulnerability
 u - a scroll of noise
 v - 3 scrolls of revelation
 B - 3 scrolls of fog
 F - a scroll of summoning
 J - 2 scrolls of enchant armour
 Q - 4 scrolls of identify
 Z - 3 scrolls of enchant weapon
Potions
 d - a potion of ambrosia
 f - 5 potions of resistance
 l - a potion of cancellation
 n - a potion of enlightenment
 s - 4 potions of mutation
 z - 4 potions of attraction
 G - 3 potions of lignification
 M - a potion of brilliance
 U - 3 potions of might
 V - 4 potions of curing
 X - a potion of berserk rage
Miscellaneous
 b - a condenser vane
 e - a phantom mirror (inert)


   Skills:
 - Level 10.4 Fighting
 - Level 10.0(10.7) Short Blades
 + Level 5.8(8.2) Long Blades
 - Level 8.2 Armour
 + Level 10.8 Dodging
 - Level 5.0 Stealth
 - Level 3.0 Shields
 + Level 11.7 Spellcasting
 - Level 4.0 Conjurations
 - Level 17.9 Necromancy
 - Level 11.2 Earth Magic


You had 8 spell levels left.
You knew the following spells:

 Your Spells              Type           Power      Damage    Failure   Level
a - Necrotise             Necr           100%       1d9       0%          1
b - Animate Dead          Necr           68%        N/A       1%          4
c - Vampiric Draining     Necr           68%        2d10      1%          3
d - Dispel Undead         Necr           68%        3d23      1%          4
e - Borgnjor's Vile Clut  Necr/Erth      30%        N/A       1%          5
f - Curse of Agony        Necr           68%        N/A       1%          5
g - Lee's Rapid Deconstr  Erth           26%        3d14*     2%          5
h - Stone Arrow           Conj/Erth      80%        3d12      1%          3

Your spell library contained the following spells:

 Spells                   Type           Power      Damage    Failure   Level
 Kiss of Death            Conj/Necr      100%       2d13      1%          1
 Sandblast                Erth           100%       2d20      1%          1
 Cigotuvi's Dreadful Rot  Necr/Alch/Air  66%        N/A       1%          2
 Passwall                 Erth           52%        N/A       1%          3
 Anguish                  Hex/Necr       22%        N/A       2%          4
 Shock                    Conj/Air       72%        1d7       4%          1
 Brom's Barrelling Bould  Conj/Erth      40%        2d6       4%          4
 Freeze                   Ice            44%        1d6       9%          1
 Animate Armour           Summ/Erth      64%        N/A       9%          4
 Ensorcelled Hibernation  Hex/Ice        22%        N/A       14%         2
 Gell's Gravitas          Tloc           11%        N/A       26%         3
 Inner Flame              Hex/Fire       11%        N/A       26%         3
 Ozocubu's Armour         Ice            11%        N/A       26%         3
 Swiftness                Air            11%        N/A       26%         3
 Teleport Other           Tloc           11%        N/A       26%         3
 Tukima's Dance           Hex            11%        N/A       26%         3
 Volatile Blastmotes      Fire/Tloc      22%        2d11      26%         3
 Flame Wave               Conj/Fire      18%        2d7       36%         4
 Fulminant Prism          Conj/Alch      9%         3d7       36%         4
 Iskenderun's Mystic Bla  Conj/Tloc      18%        2d6       36%         4
 Bombard                  Conj/Erth      20%        9d4       52%         6
 Airstrike                Air            5%         2d(1-17)  65%         4
 Passage of Golubria      Tloc           11%        N/A       65%         4
 Sticky Flame             Fire/Alch      11%        2d5       65%         4
 Summon Lightning Spire   Summ/Air       11%        N/A       65%         4
 Metabolic Englaciation   Hex/Ice        5%         N/A       94%         5
 Silence                  Hex/Air        5%         N/A       94%         5
 Summon Forest            Summ/Tloc      5%         N/A       94%         5
 Summon Mana Viper        Hex/Summ       11%        N/A       94%         5
 Yara's Violent Unravell  Hex/Alch       5%         3d4       94%         5
 Dispersal                Tloc           5%         N/A       100%        6
 Summon Cactus Giant      Summ           5%         N/A       100%        6
 Chain Lightning          Conj/Air       9%         3d12      100%        9
 Death's Door             Necr           Unusable   N/A       N/A         9

Dungeon Overview and Level Annotations

Branches:
Dungeon (15/15)            Temple (1/1) D:4            Lair (5/5) D:10
  Swamp (3/4) Lair:2       Spider (0/4) Lair:3        Slime (0/5) Lair:5
    Orc (2/2) D:10            Elf (0/3) Orc:2        Vaults (0/5) D:14
 Depths (0/4) D:15          IceCv (visited)

Altars:
Ashenzari
Cheibriados
Dithmenos
Fedhas
Gozag
Hepliaklqana
Kikubaaqudgha
Makhleb
Nemelex Xobeh
Okawaru
Qazlal
Ru
Sif Muna
Trog
Uskayaw
Vehumet
Wu Jian
Xom
Yredelemnul
Jiyva

Shops:
D:3 ?(:?   D:4 *   D:6 [   D:10 ?*[=?   D:13 *   Orc:2 :(*[

Portals:
Hell: Lair:5

Annotations:
D:1 1 runed translucent door
D:5 1 runed translucent door, Crazy Yiuf
D:9 exclusion: downstairs
D:11 1 runed translucent door, Lemonizer's ghost, journeyman AtAr
D:12 3 runed translucent doors, PriceMaster's ghost, journeyman SpEE
D:14 4 transporters, 1 runed translucent door, JoadsterXIII's ghost, journeyman TrFi
Lair:3 3 runed translucent doors, exclusion: downstairs, lordive's ghost, journeyman MiHu
Lair:4 exclusion: downstairs
Swamp:2 2 transporters, IAmTheZeppo's ghost, journeyman MiFi
Orc:1 2 runed translucent doors, exclusions: downstairs and orange crystal statue


Innate Abilities, Weirdness & Mutations

Your natural rate of healing is accelerated.
You have razor-sharp teeth.
You have supernaturally acute eyesight. (SInv)
You are afflicted with vampirism and can become a bat while bloodless.


Message History

The zombie hands constrict the alligator!
The eight-headed hydra disappears in a puff of smoke!
The alligator struggles to escape constriction.
Bai Suzhen struggles to escape constriction.
Unknown command.
Aiming: Phantom Mirror
Press: ? - help, Dir - move target, f - Bai Suzhen, p - alligator
Aim: Bai Suzhen (almost dead, surrounded by thunder, constricted by zombie hands)
You reflect Bai Suzhen with the mirror!
The mirror clouds!
The zombie hands constrict Bai Suzhen.
The zombie hands constrict the alligator.
The alligator struggles to escape constriction.
Bai Suzhen breathes water at Bai Suzhen.
The torrent of water hits Bai Suzhen!!!
Bai Suzhen dies!
Kikubaaqudgha accepts your kill.
You hear a splash.
The wave splashes down.
The alligator struggles to escape constriction.
Unknown command.
The zombie hands constrict the alligator!
You kill the alligator!
Kikubaaqudgha accepts your kill.
You start resting.
You're standing in a cloud of thunder!
You're standing in a cloud of thunder!
Unknown command.
You enter the shallow water.
Moving in this stuff is going to be slow.
What are your orders? t - Shout!
Orders for allies: a - Attack new target. r - Retreat! s - Stop attacking. g - Guard the area. f - Follow me.
Anything else - Cancel.
Retreat in which direction?
Press: ? - help, Dir - move target Fall back!
You are engulfed in a thunderstorm.
You die...
Kikubaaqudgha rasps: "You have failed me!
Welcome... death!"

~~~~§..~..~.#~)....#.~~...~♣
~~§~~~....~~~~~.~..#....~~.♣
~~~........~%~.~.....~..~~~♣
..♣♣♣♣.~.~~~§♣§~..##.~~....♣♣
♣♣♣ ♣♣.~~~§§§§~.##..~~..~~.♣
♣ ♣~~~~~§§§.§~..~~~.§~~.♣
♣♣♣♣♣♣♣.~~~~~§§§.§.~~§~~~~~~♣
♣.~.[~♣~..~~~~§§D§...~.~..♣♣♣
..§§§......~~~~§@§..~~.~~~♣
.~~§~.~~~~~~~~~~~~..~~~...♣
~~~~~.~~~~§~~~.~~~...<....♣
..~...~♣♣♣~.~~...~~..~♣♣♣♣♣
♣♣...≈♣♣ ♣♣~~~~♣~~~~~.♣♣
.♣♣♣≈≈≈♣ ♣.~~~♣~.~.~..♣ .~♣
≈≈≈≈♣♣♣^..~~§~♣♣.~~~♣ ♣♣♣
≈≈≈≈..~♣.~~~~♣♣♣~~♣♣ .♣♣
≈≈≈♣.~♣~.~~.♣♣ ♣♣..~


You could see the friendly Bai Suzhen (summoned, clouds, drained).

Vanquished Creatures
  Saint Roka (Orc:2)
  Rupert (Lair:5)
  4 fenstrider witches
  Nessos (Lair:5)
  4 bunyips
  An eleionoma (Swamp:3)
  A great orb of eyes (D:14)
  3 vault guards (D:14)
  Fannar (Lair:3)
  An ogre mage (Orc:2)
  4 boulder beetles
  11 hydras
  7 alligators
  A death knight (D:10)
  3 two-headed ogres
  4 death yaks (Lair:5)
  9 centaur warriors
  5 tengu warriors
  A vampire mage (D:15)
  An orc high priest (Orc:2)
  An occultist (Lair:5)
  8 skeletal warriors
  4 spriggans
  A sixfirhy (Lair:5)
  3 skysharks
  2 goliath frogs (Swamp:3)
  A flayed ghost (D:14)
  3 spriggan druids (Swamp:2)
  A storm dragon skeleton (D:15)
  3 swamp dragons
  6 bog bodies
  3 necromancers
  7 orc knights
  4 harpies
  Pikel (D:4)
  A deep elf zephyrmancer (D:15)
  2 lindwurms (Lair:5)
  2 orc sorcerers (Orc:2)
  4 deep elf pyromancers
  6 ugly things
  2 wolf spiders
  3 will-o-the-wisps
  3 manticores
  9 cyclopes
  3 black mambas
  A meliai (shapeshifter) (D:14)
  A meliai (Lair:3)
  2 elephants (Lair:4)
  2 kobold blastminers (Orc:1)
  2 torpor snails (Lair:5)
  An ice statue (IceCv)
  2 orange demons (Lair:5)
  10 cane toads
  A gargoyle (D:12)
  3 kobold demonologists
  An unseen horror (D:10)
  8 rime drakes
  3 efreet
  2 tengu conjurers (D:13)
  10 komodo dragons
  16 ice devils
  4 freezing wraiths
  12 trolls
  A hellwing (Lair:5)
  7 hornets
  Prince Ribbit (D:6)
  A dream sheep (Lair:5)
  A spriggan zombie (D:15)
  A blink frog (Lair:5)
  2 centaur simulacra
  6 slime creatures
  A dire elephant simulacrum (IceCv)
  3 shadows
  A vampire (D:12)
  29 yaks
  8 wyverns
  4 wraiths
  3 wargs
  2 steam dragons
  6 vampire mosquitoes
  4 death yak simulacra (IceCv)
  3 basilisks
  Menkaure (D:5)
  Edmund (D:6)
  3 harpy simulacra (IceCv)
  2 hydra simulacra (IceCv)
  9 swamp worms
  12 water moccasins
  5 acid dragons
  3 hell hounds (Lair:5)
  27 orc warriors
  A black bear (D:6)
  An ice beast (D:6)
  2 laughing skulls (D:14)
  9 ogres
  9 centaurs
  13 wolves
  2 phantoms
  5 kobold brigands
  9 bullfrogs
  4 gnoll sergeants
  4 cane toad simulacra (IceCv)
  16 wights
  7 elephant simulacra (IceCv)
  21 killer bees
  7 howler monkeys
  3 bombardier beetles
  4 hounds
  4 jellies (Lair:5)
  18 orc priests
  A sleepcap (D:6)
  2 iguanas
  Ijyb (D:4)
  22 orc wizards
  3 hell rats (Lair:2)
  A polar bear simulacrum (IceCv)
  A troll simulacrum (IceCv)
  4 wolf simulacra (IceCv)
  11 gnolls
  7 adders
  3 naga simulacra (IceCv)
  A white imp (IceCv)
  5 ufetubi
  A ribbon worm (D:1)
  3 dart slugs
  45 orcs
  3 bats
  6 endoplasms
  6 giant cockroaches
  5 hobgoblins
  3 jackals (D:2)
  3 quokkas
  4 ball pythons
  A frilled lizard (D:1)
  7 goblins
  11 kobolds
  5 rats
679 creatures vanquished.

Vanquished Creatures (collateral kills)
  Bai Suzhen (Swamp:3)
  Gastronok (Lair:3)
  An ettin (D:14)
  A hydra (Lair:5)
  An ogre mage (D:10)
  A vault guard (D:14)
  4 alligators
  2 catoblepae
  3 boulder beetles
  A two-headed ogre (D:9)
  A goliath frog (Swamp:2)
  4 bog bodies (Swamp:2)
  An ugly thing (D:14)
  A cyclops (D:10)
  3 manticores
  2 elephants (Lair:4)
  3 black mambas
  5 cane toads
  A torpor snail (Lair:5)
  3 komodo dragons
  A freezing wraith (D:14)
  An ice devil (Lair:5)
  2 trolls (Orc:1)
  2 tyrant leeches
  A bloated husk (Swamp:2)
  3 blink frogs (Lair:3)
  11 dream sheep
  6 slime creatures
  2 spriggans
  A shadow (D:10)
  11 yaks
  A wyvern (Lair:5)
  A warg (Orc:1)
  A basilisk (Lair:2)
  A vampire mosquito (D:13)
  2 swamp worms
  5 water moccasins
  4 orc warriors
  An ogre (Orc:2)
  A centaur (D:8)
  A kobold brigand (D:10)
  2 gnoll sergeants (D:10)
  4 bullfrogs
  3 wights
  5 killer bees
  2 howler monkeys
  3 orc priests
  3 orc wizards
  A hell rat (Lair:2)
  3 gnolls
  6 orcs
  A goblin (D:4)
  A kobold (D:4)
133 creatures vanquished.

Vanquished Creatures (others)
  A fenstrider witch zombie (Swamp:2)
  2 centaur warriors (D:10)
  2 spriggan air magi (Swamp:3)
  A boulder beetle (D:10)
  An orc high priest (Orc:2)
  A spriggan (Swamp:3)
  A spriggan rider (Swamp:3)
  A swamp dragon (Swamp:3)
  An ugly thing zombie (D:12)
  2 alligator zombies
  A manticore (D:10)
  10 centaur zombies
  2 swamp worm zombies (Swamp:2)
  A troll (Orc:1)
  A tyrant leech (Swamp:3)
  2 hydra zombies
  A hornet (Swamp:3)
  A boulder beetle zombie (D:10)
  A slime creature (D:10)
  3 black mamba zombies
  2 slime creature zombies
  3 spriggan zombies (Swamp:3)
  A tyrant leech zombie (Swamp:3)
  A human zombie (D:10)
  A two-headed ogre zombie (Orc:2)
  A meliai simulacrum (D:14)
  An orc warrior (D:10)
  A manticore zombie (D:14)
  A sky beast (D:10)
  3 swamp dragon zombies (Swamp:3)
  2 ogres (Orc:1)
  A blink frog zombie (Lair:5)
  A rime drake zombie (Lair:4)
  A bullfrog (D:10)
  2 water moccasin zombies (Lair:5)
  2 cyclops zombies
  5 troll zombies
  9 yak zombies
  12 wolf zombies
  A bullfrog zombie (D:9)
  A jelly (D:10)
  An orc wizard (Orc:1)
  5 killer bee zombies (D:10)
  7 ogre zombies
  A sky beast zombie (D:10)
  6 kobold zombies
  2 hound zombies
  A howler monkey zombie (D:12)
  A hell rat zombie (Lair:2)
  A ribbon worm zombie (D:15)
  3 jelly zombies
  A ribbon worm (D:15)
  An orc (D:10)
  A gnoll zombie (D:10)
  A ball python zombie (D:10)
  2 endoplasm zombies (Lair:5)
  A giant cockroach zombie (D:10)
  40 orc zombies
  16 foxfires
179 creatures vanquished.

Grand Total: 991 creatures vanquished

Notes
Turn   | Place    | Note
-------+----------+-------------------------------------------
     0 | D:1      | DrFunkyFeet the Vampire Necromancer began the quest for the
                  | Orb.
     0 | D:1      | Reached XP level 1. HP: 13/13 MP: 3/3
     0 | D:1      | Noticed a jelly
     2 | D:1      | Found a runed translucent door.
   265 | D:1      | Reached XP level 2. HP: 18/19 MP: 3/5
   554 | D:1      | Reached skill level 1 in Short Blades
   967 | D:2      | Reached skill level 5 in Necromancy
   971 | D:2      | Gained mutation: You are afflicted with vampirism and can
                  | become a bat while bloodless. [Vampire growth]
   971 | D:2      | Reached XP level 3. HP: 19/24 MP: 6/6
  1018 | D:2      | Identified the +0 leather armour of Death Resistance {*Slow
                  | +Inv Int+2 Stlth+}
  1221 | D:2      | Found a faded altar of an unknown god.
  1373 | D:3      | Found Qafis's Magic Scroll Shop.
  1382 | D:3      | Bought a scroll of identify for 20 gold pieces
  1382 | D:3      | Bought a scroll of blinking for 75 gold pieces
  1501 | D:3      | Found Toxkuv's Book Shop.
  1526 | D:3      | Found Cawusch's Weapon Shop.
  1568 | D:3      | Found Pesmaal's Magic Scroll Shoppe.
  1576 | D:3      | Bought a scroll of identify for 20 gold pieces
  1576 | D:3      | Bought a scroll of identify for 20 gold pieces
  1629 | D:3      | Reached XP level 4. HP: 30/30 MP: 7/7
  1634 | D:3      | Learned a level 4 spell: Animate Dead
  1967 | D:4      | Found a staircase to the Ecumenical Temple.
  1971 | D:4      | Found an iron altar of Okawaru.
  1976 | Temple   | Entered the Ecumenical Temple
  1984 | Temple   | Became a worshipper of Kikubaaqudgha
  2039 | D:4      | Noticed Ijyb
  2045 | D:4      | Reached XP level 5. HP: 33/35 MP: 8/8
  2045 | D:4      | Paralysed by Ijyb for 5 turns
  2060 | D:4      | Killed Ijyb
  2061 | D:4      | Reached skill level 5 in Stealth
  2061 | D:4      | Reached skill level 6 in Necromancy
  2069 | D:4      | Learned a level 3 spell: Vampiric Draining
  2227 | D:4      | Reached XP level 6. HP: 35/41 MP: 9/9
  2277 | D:4      | Noticed Pikel
  2297 | D:4      | Killed Pikel
  2298 | D:4      | Reached skill level 8 in Necromancy
  2298 | D:4      | Reached XP level 7. HP: 22/46 MP: 3/10
  2403 | D:4      | Identified the +2 cloak "Plog" {rPois rN+}
  2634 | D:4      | Found Joteunt's General Store.
  2639 | D:4      | Bought a scroll of identify for 22 gold pieces
  2774 | D:5      | Entered Level 5 of the Dungeon
  2793 | D:5      | Reached skill level 5 in Short Blades
  2843 | D:5      | Noticed Menkaure
  2857 | D:5      | Killed Menkaure
  2858 | D:5      | Reached skill level 9 in Necromancy
  2858 | D:5      | Reached XP level 8. HP: 27/52 MP: 11/11
  3147 | D:5      | Reached skill level 1 in Fighting
  3353 | D:5      | Reached * piety under Kikubaaqudgha
  3353 | D:5      | Received a gift from Kikubaaqudgha
  3653 | D:5      | Found a runed translucent door.
  3654 | D:5      | Noticed Crazy Yiuf
  3694 | D:6      | Found Dorhaw's Antique Armour Boutique.
  3971 | D:6      | Noticed Prince Ribbit
  4175 | D:6      | Reached skill level 10 in Necromancy
  4247 | D:6      | Reached XP level 9. HP: 64/64 MP: 12/12
  4272 | D:6      | Killed Prince Ribbit
  4412 | D:6      | Noticed Edmund
  4424 | D:6      | Killed Edmund
  4909 | D:7      | Reached ** piety under Kikubaaqudgha
  5297 | D:7      | Found a shimmering altar of Xom.
  6191 | D:7      | Reached skill level 5 in Fighting
  6191 | D:7      | Reached skill level 11 in Necromancy
  6441 | D:7      | Identified the +1 ring mail "Firuleits" {-Cast +Inv Str+3
                  | Dex+3}
  7055 | D:8      | Reached XP level 10. HP: 74/76 MP: 13/13
  7159 | D:8      | Reached *** piety under Kikubaaqudgha
  7159 | D:8      | Received a gift from Kikubaaqudgha
  7183 | D:8      | Learned a level 4 spell: Dispel Undead
  7400 | D:8      | Found a sparkling altar of Nemelex Xobeh.
  7596 | D:9      | Reached skill level 1 in Earth Magic
  7834 | D:9      | Noticed a two-headed ogre
  7842 | D:9      | Killed a two-headed ogre
  7901 | D:9      | Reached skill level 12 in Necromancy
  8050 | D:9      | Noticed a manticore
  8062 | D:9      | Killed a manticore
  8509 | D:10     | Entered Level 10 of the Dungeon
  8558 | D:10     | Reached skill level 10 in Short Blades
  8568 | D:10     | Reached **** piety under Kikubaaqudgha
  8687 | D:10     | Found Ginis's Magic Scroll Shoppe.
  8693 | D:10     | Bought a scroll of identify for 30 gold pieces
  8693 | D:10     | Bought a scroll of identify for 30 gold pieces
  8693 | D:10     | Bought a scroll of identify for 30 gold pieces
  8693 | D:10     | Bought a scroll of identify for 30 gold pieces
  8693 | D:10     | Bought a scroll of teleportation for 45 gold pieces
  8693 | D:10     | Bought a scroll of identify for 30 gold pieces
  8757 | D:10     | Reached XP level 11. HP: 69/84 MP: 16/16
  8785 | D:10     | Found a shadowy altar of Dithmenos.
  8810 | D:10     | Found an iron altar of Okawaru.
  8811 | D:10     | Found a blossoming altar of Fedhas.
  8812 | D:10     | Found a basalt altar of Yredelemnul.
  8812 | D:10     | Found a radiant altar of Vehumet.
  8934 | D:7      | Learned a level 5 spell: Borgnjor's Vile Clutch
  9153 | D:10     | Found an ornate altar of the Wu Jian Council.
  9212 | D:10     | Found a basalt altar of Yredelemnul.
  9248 | D:10     | Reached skill level 1 in Shields
  9251 | D:10     | Noticed a catoblepas
  9262 | D:10     | Killed a catoblepas
  9453 | D:10     | Found Qila's Antique Armour Shop.
  9508 | D:10     | Found a transporter.
  9508 | D:10     | Found Cefuiss's Magic Scroll Emporium.
  9563 | D:10     | Identified the ring "Yblonin" {rC+ rN+ Str+3}
  9563 | D:10     | Noticed an orc knight
  9571 | D:10     | Noticed a tengu warrior
  9779 | D:10     | Noticed Sonja
  9850 | D:10     | Sonja changed into Sonja the harpy
  9850 | D:10     | Noticed Sonja
  9856 | D:10     | Killed Sonja the harpy
 10319 | D:10     | Noticed an ogre mage
 10331 | D:10     | Killed an ogre mage
 10480 | D:10     | Killed a tengu warrior
 10481 | D:10     | Reached skill level 5 in Spellcasting
 10829 | D:10     | Killed an orc knight
 10830 | D:10     | Reached skill level 5 in Earth Magic
 11055 | D:10     | Found Wexke's Assorted Antiques.
 11287 | D:4      | Bought a scroll of blinking for 82 gold pieces
 11309 | D:3      | Bought a scroll of blinking for 75 gold pieces
 11309 | D:3      | Bought a scroll of blinking for 75 gold pieces
 11697 | D:10     | Reached skill level 13 in Necromancy
 11714 | D:10     | Found a staircase to the Orcish Mines.
 11794 | D:10     | Found a staircase to the Lair.
 11975 | D:10     | Found a transporter.
 11988 | D:10     | Found Laptunuo's Jewellery Shop.
 12176 | D:11     | Found a runed translucent door.
 12912 | Lair:1   | Entered Level 1 of the Lair of Beasts
 13202 | Lair:1   | Found the +16 obsidian axe {drain, demonic, Mesm ^Drain Fly
                  | SInv}
 13311 | Lair:1   | Reached XP level 12. HP: 86/93 MP: 17/20
 13933 | Lair:2   | Found a staircase to the Swamp.
 13939 | Lair:2   | Reached skill level 1 in Armour
 15779 | Lair:3   | Noticed Gastronok
 15795 | Lair:3   | Killed Gastronok
 16076 | Lair:3   | Found a runed translucent gate.
 16076 | Lair:3   | Found a runed translucent gate.
 16076 | Lair:3   | Found a runed translucent gate.
 16077 | Lair:3   | Noticed lordive's ghost (journeyman MiHu)
 16078 | Lair:3   | Noticed a 13-headed hydra
 16078 | Lair:3   | Noticed a ten-headed hydra
 16170 | Lair:3   | Noticed Fannar
 16174 | Lair:3   | Killed Fannar
 16175 | Lair:3   | Reached skill level 14 in Necromancy
 16201 | Lair:3   | Noticed a five-headed hydra
 16211 | Lair:3   | Killed a five-headed hydra
 16521 | Lair:3   | Reached XP level 13. HP: 101/101 MP: 23/23
 16623 | Lair:3   | Found a hole to the Spider Nest.
 18435 | Lair:5   | Entered Level 5 of the Lair of Beasts
 18553 | Lair:5   | Reached skill level 5 in Armour
 18744 | Lair:5   | Noticed Rupert
 18860 | Lair:4   | Learned a level 5 spell: Curse of Agony
 19032 | Lair:5   | Reached ***** piety under Kikubaaqudgha
 19143 | Lair:5   | Reached skill level 10 in Fighting
 19387 | Lair:5   | Reached skill level 15 in Necromancy
 19607 | Lair:5   | Paralysed by Rupert for 4 turns
 19620 | Lair:5   | Killed Rupert
 19863 | Lair:5   | Reached XP level 14. HP: 110/110 MP: 27/27
 20442 | Lair:5   | Found a viscous altar of Jiyva.
 20442 | Lair:5   | Found a staircase to the Slime Pits.
 21130 | D:10     | Bought a scroll of identify for 20 gold pieces
 21130 | D:10     | Bought a scroll of identify for 20 gold pieces
 21130 | D:10     | Bought a scroll of identify for 20 gold pieces
 21130 | D:10     | Bought a scroll of identify for 20 gold pieces
 21546 | Lair:5   | Noticed Nessos
 21561 | Lair:5   | Killed Nessos
 21658 | Lair:5   | Found a burning altar of Makhleb.
 22273 | Lair:5   | Found a gateway to Hell.
 22644 | Orc:1    | Entered Level 1 of the Orcish Mines
 22821 | Orc:1    | Reached skill level 16 in Necromancy
 23098 | Orc:1    | Found a runed translucent door.
 23106 | Orc:1    | Found the +10 tower shield of Ignorance {rN+ Int-4}
 23283 | Orc:1    | Found a runed translucent door.
 23302 | Orc:1    | Reached skill level 10 in Spellcasting
 23394 | Orc:2    | Entered Level 2 of the Orcish Mines
 23424 | Orc:2    | Found a staircase to the Elven Halls.
 23907 | D:3      | Bought a book of Iron for 352 gold pieces
 23913 | D:3      | Learned a level 5 spell: Lee's Rapid Deconstruction
 24378 | Orc:2    | Noticed Saint Roka
 24453 | D:11     | Noticed Lemonizer's ghost (journeyman AtAr)
 24453 | D:11     | Identified the +8 trident of Extinguishment {vamp, rCorr
                  | Int-3 Dex+3 Stlth+}
 25656 | D:12     | Identified the +1 robe "Veotziec" {rC++}
 26206 | D:12     | Found a runed translucent gate.
 26207 | D:12     | Found a runed translucent gate.
 26208 | D:12     | Found a runed translucent gate.
 26208 | D:12     | Noticed PriceMaster's ghost (journeyman SpEE)
 26633 | D:13     | Found Zonkocir's Mayhem Merchandise.
 26669 | D:13     | Reached XP level 15. HP: 99/117 MP: 17/29
 26814 | D:13     | Found a frozen archway.
 26834 | IceCv    | Entered an ice cave
 27661 | IceCv    | Reached skill level 10 in Earth Magic
 28049 | IceCv    | Found an ancient bone altar of Kikubaaqudgha.
 29323 | IceCv    | Got Sadousam's Folio of the Glacier and Evil Secrets
 29818 | D:13     | Reached skill level 5 in Dodging
 31571 | Orc:2    | Killed Saint Roka
 31864 | Orc:2    | Your ally Saint Roka died
 32147 | Orc:2    | Reached ****** piety under Kikubaaqudgha
 32170 | Orc:2    | Found Orol's General Store.
 32225 | Orc:2    | Found Rurumur's Antique Armour Shop.
 32251 | Orc:2    | Found Seteu's Book Shop.
 32493 | Orc:2    | Found Tengeoni's Antique Weapon Shop.
 32713 | Orc:2    | Bought an embroidered cloak for 217 gold pieces
 32745 | Orc:2    | Bought a book of Geomancy for 420 gold pieces
 32749 | Orc:2    | Learned a level 3 spell: Stone Arrow
 32797 | Orc:2    | Bought a potion of curing for 45 gold pieces
 33118 | D:14     | Reached skill level 17 in Necromancy
 33375 | D:14     | Found a gate leading to a gauntlet.
 33453 | D:14     | Found a transporter.
 33454 | D:14     | Found a transporter.
 33456 | D:14     | Found a transporter.
 33475 | D:14     | Found a runed translucent door.
 33475 | D:14     | Found a shimmering altar of Xom.
 33475 | D:14     | Noticed JoadsterXIII's ghost (journeyman TrFi)
 33503 | D:14     | Reached skill level 1 in Conjurations
 33776 | D:14     | Found a transporter.
 33959 | D:14     | Found a gate to the Vaults.
 36002 | D:14     | Got the Grimoire of the Forgotten Nightmares
 36015 | D:14     | Identified the ring "Wagrecus" {rF+ rN++ Str+3 Dex+4}
 36262 | D:14     | Reached XP level 16. HP: 82/123 MP: 14/30
 36412 | D:15     | Entered Level 15 of the Dungeon
 36631 | D:15     | Found a staircase to the Depths.
 38456 | D:15     | Reached skill level 1 in Long Blades
 39162 | Swamp:1  | Entered Level 1 of the Swamp
 39402 | Swamp:1  | Identified the ring of Imnoh {rF+ rC+ rN+ Will- Str+6}
 39601 | Swamp:1  | Identified the +6 spear of Foompopn {spect, rF- Will+
                  | Dex+3}
 40833 | Swamp:2  | Reached skill level 10 in Dodging
 42310 | Swamp:2  | Found a transporter.
 42313 | Swamp:2  | Noticed IAmTheZeppo's ghost (journeyman MiFi)
 42313 | Swamp:2  | Noticed a tentacled monstrosity
 42314 | Swamp:2  | Found a transporter.
 42567 | Swamp:3  | Reached skill level 5 in Long Blades
 43090 | Swamp:3  | Paralysed by a fenstrider witch for 5 turns
 43531 | Swamp:3  | Noticed Bai Suzhen
 43638 | Lair:2   | Upgraded the game from 0.31.0-12-g77e489cdc1 to
                  | 0.31.0-32-g396128a36d
 43902 | Swamp:3  | Killed Bai Suzhen
 43907 | Swamp:3  | Engulfed by Bai Suzhen (illusionary)'s thunder

Illustrated notes

Levels and vault maps discovered:
D:1:      dpeg_arrival_caged_fury, layout_basic
D:2:      layout_basic, dilly_ecumenical_altar_fadedgnrine
D:3:      layout_basic, serial_shops, shop, nicolae_shop_trees,
          nicolae_shop_advertising_works [nicolae_subvault_shop_adworks], shop
D:4:      layout_cave_pools, nicolae_tso_swordbearing_angel,
          amcnicky_altar_gilded, minmay_temple_entry_offerings, serial_shops,
          kennysheep_little_box, hangedman_decor_diamond_cutter, dk_vineyard_3,
          corexii_item_surrounded_by_moat, st_stairs_13,
          nicolae_underground_beach, uniq_pikel, uniq_ijyb
D:5:      layout_cave_pools, zin_scriptorium, uniq_crazy_yiuf_cottage,
          uniq_menkaure
D:6:      nicolae_cairo_tiling_large_dashed, layout_rooms, serial_shops, shop,
          uniq_prince_ribbit1, uniq_edmund
D:7:      layout_layer_cave, mainiacjoe_overflow_paths
D:8:      layout_rooms, mainiacjoe_overflow_alcove_2,
          nicolae_concentric_dashed_squares_mild, david_defended_altar_orc
D:9:      layout_roguey
D:10:     minmay_the_grid_octo_2x2 [minmay_the_grid_octo_horde,
          minmay_the_grid_octo_shrine, minmay_the_grid_octo_empty,
          minmay_the_grid_octo_prize_ultimate_mussel_roller], layout_basic,
          mainiacjoe_overflow_brackets, lemuel_tele_altar,
          nzn_wu_jian_council_hall, kennysheep_orc_monster_closet_entryway,
          serial_shops, nicolae_shop_rolling_square, nicolae_shop_gaudy_bauble,
          shop, shop, nicolae_shop_drivethru, uniq_sonja
D:11:     layout_cave_pools, ebering_ghost_funeral_grove,
          kennysheep_generic_room_10
D:12:     layout_gridville, gammafunk_ghost_split, chequers_garden
D:13:     layout_loops_cross, portal_ice_cave_rime, minmay_shop_mayhem
D:14:     evilmike_diamond_2, layout_irregular_city,
          lightli_vaults_fourway_checkpoint, gauntlet_entry_generic,
          minmay_misc_feat_roman, ebering_ghost_xom, nicolae_diode_quadrants
D:15:     gammafunk_depths_entry_grave, layout_basic, minmay_tree_intersection,
          hangedman_aviary
Temple:   eino_temple_lava
Lair:1:   layout_big_grid, dreamdust_deal_with_the_devil, lemuel_fruit_tree,
          infiniplex_staircase_pool
Lair:2:   layout_loops_ring, skrybe_swamp_entry_bodies,
          infiniplex_staircase_pool_2
Lair:3:   layout_long_grid, hellmonk_spider_entry_not_the_bees,
          gammafunk_ghost_hydra_chop, hangedman_lair_generics_rect,
          serial_bayou_shore_a, grunt_megastairs_3, uniq_fannar, uniq_gastronok
Lair:4:   layout_big_grid, eino_small_chamber_without_monster,
          grunt_megastairs_5
Lair:5:   evil_forest, layout_big_grid, slime_entry_2, wad_woods_road_01,
          grunt_megastairs_4, uniq_nessos, uniq_rupert
Swamp:1:  layout_basic_swamp, evilmike_swamp_ruin_wall
Swamp:2:  nicolae_swamp_standing_stones, layout_falls_marsh,
          gammafunk_ghost_arena, nicolae_swamp_stuck_in_the_mud, swamp_pool_3,
          tekkud_bubbles_buried_in_this_jungle
Swamp:3:  layout_basic_swamp, serial_swamp_ruin, evilmike_swamp_ruin_house_4,
          evilmike_swamp_ruin_house_1, swamp_pool_1_2, uniq_bai_suzhen
Orc:1:    layout_diamond_mine, chequers_guarded_unrand_ignorance
Orc:2:    grunt_orc_cross, layout_caves

Skill      XL: |  1  2  3  4  5  6  7  8  9 10 11 12 13 14 15 16 |
---------------+-------------------------------------------------+-----
Short Blades   | 1 2 3 4 5 7 8 10 | 10.0
Necromancy     | 5 6 8 9 10 11 12 13 14 15 16 17 | 17.9
Stealth        | 4 5 |  5.0
Fighting       | 3 5 7 8 9 10 | 10.4
Earth Magic    | 3 5 7 8 9 11 | 11.2
Spellcasting   | 3 5 7 9 10 11 | 11.7
Shields        | 3 |  3.0
Armour         | 3 6 7 8 |  8.2
Dodging        | 3 7 10 | 10.8
Conjurations   | 3 4 |  4.0
Long Blades    | 5 |  5.8

Action                     |  1- 3 |  4- 6 |  7- 9 | 10-12 | 13-15 | 16-18 || total
---------------------------+-------+-------+-------+-------+-------+-------++-------
  Melee: Dagger            |    42 |    53 |   367 |   485 |   969 |   151 ||  2067
         Bite              |     5 |     6 |    42 |    82 |   210 |    44 ||   389
         Punch             |       |       |     3 |     4 |       |       ||     7
         Staff             |       |       |       |       |     1 |    16 ||    17
  Throw: Dart              |       |       |       |     7 |    20 |     2 ||    29
   Cast: Necrotise         |    42 |    15 |    29 |    20 |     2 |       ||   108
         Animate Dead      |       |     1 |    12 |    21 |    44 |    14 ||    92
         Vampiric Draining |       |     5 |    21 |    50 |    58 |     7 ||   141
         Dispel Undead     |       |       |       |     8 |    68 |    13 ||    89
         Borgnjor's Vile C |       |       |       |    93 |   264 |    82 ||   439
         Curse of Agony    |       |       |       |       |    44 |    18 ||    62
         Lee's Rapid Decon |       |       |       |       |    72 |    27 ||    99
         Stone Arrow       |       |       |       |       |    24 |    73 ||    97
 Invoke: Unearth Wretches  |       |       |       |     5 |     5 |     5 ||    15
Ability: Exsanguinate      |       |       |       |       |     1 |       ||     1
         Revivify          |       |       |       |       |     1 |       ||     1
  Evoke: Wand              |       |       |       |     2 |       |       ||     2
         Phantom mirror    |       |       |       |       |     1 |     1 ||     2
    Use: Scroll            |     4 |     1 |     8 |    13 |    11 |     9 ||    46
         Potion            |       |     1 |       |     7 |    13 |     2 ||    23
   Stab: Sleeping          |     7 |     2 |     5 |     8 |    12 |     4 ||    38
         Invisible         |       |     1 |       |       |       |       ||     1
         Distracted        |       |     1 |     1 |     3 |    12 |     1 ||    18
         Paralysed         |       |       |       |     4 |     8 |     7 ||    19
 Armour: Robe              |    25 |    26 |   142 |   174 |   205 |   163 ||   735
         Troll leather arm |       |       |       |   120 |   369 |       ||   489
  Dodge: Dodged            |    31 |    29 |   122 |   187 |   380 |   161 ||   910
  Block: Buckler           |       |       |       |    70 |   286 |    81 ||   437
